 Dungeon Crawl Stone Soup version 0.32-a0-39-g5c88369fb2 (webtiles) character file.

Game seed: 13294887131729014337

1353199 Ge0ff the Placeless Mummy (level 26, 224/224 HPs)
             Began as a Mummy Alchemist on Jan 25, 2024.
             Was the Champion of Ashenzari.
             Escaped with the Orb
             ... and 3 runes on Jan 26, 2024!
             The game lasted 03:38:29 (110807 turns).

Ge0ff the Placeless Mummy (Mummy Alchemist)       Turns: 110807, Time: 03:38:30

Health: 224/224    AC: 22    Str: 19    XL:     26   Next: 6%
Magic:  59/59      EV: 21    Int: 29    God:    Ashenzari [******]
Gold:   4884       SH: 10    Dex: 24    Spells: 0/69 levels left

rFire   + . .        a - staff "Ensconced With Me" (curse) {rF+ Fire, Fort, Self} (curse)
rCold   + . .        R - +0 buckler "Bound With Me" {Self, Fort} (curse)
rNeg    + + +        w - +3 troll leather armour of the Eye in the Sky {Regen+, Comp, Fort} (curse)
rPois   ∞            Q - +3 hat of Pondering {ponderous, Will+ MP+10 Int+5, Self, Fort} (curse)
rElec   +            M - +2 cloak of Apeoromancy {Will+, Comp, Elem} (curse)
rCorr   .            u - +3 pair of gloves "Lashed With Me" {rC+ Str+3 Stlth+, Sorc, Comp} (curse)
SInv    +            Z - +2 pair of boots of the Unyielding Gaze {rampage, Self, Dev} (curse)
Will    +++++        b - amulet "Share My Vision" {RegenMP, Dev, Self} (curse)
Stlth   ++           O - ring of Ashenzari's Secrets {Fly rElec Str+3 Dex+8 Stlth-, Self, Sorc} (curse)
HPRegen 1.37/turn    e - ring of Curses and Power {Fire Dex+3, Fort, Sorc} (curse)
MPRegen 0.76/turn

%: clarity, rampage, faith
@: flying, studying Shields, slow
A: cold resistance 1, negative energy resistance 3, torment resistance 2, heat
vulnerability 1, in touch with death 2, no potions, faith
0: Orb of Zot
}: 3/15 runes: serpentine, barnacled, silver
a: Renounce Religion, Shatter the Chains


You escaped.
You worshipped Ashenzari.
Ashenzari was exalted by your worship.
You visited 10 branches of the dungeon, and saw 48 of its levels.
You visited the Abyss 1 time.
You also visited: Gauntlet, Ice Cave, Volcano and Wizlab.

You collected 13370 gold pieces.
You spent 8486 gold pieces at shops.

Inventory:

Hand Weapons
 h - the +7 rapier of the Horn {pain, rElec rF+}
   (You found it in a Gauntlet)

   rF+:       It protects you from fire.
   rElec:     It insulates you from electricity.
 t - the +8 arc blade {discharge, rElec}
   (You found it on level 4 of the Shoals)

   rElec:     It insulates you from electricity.
 I - a +9 vampiric demon blade
 W - the +11 Singing Sword {sonic wave}
   (You found it on level 12 of the Dungeon)
 Y - the +6 Majin-Bo {spellvamp, MP+6 Int+6}
   (You took it off a Hellbinder in a wizard's laboratory)

   Int+6:     It affects your intelligence (+6).
   MP+6:      It affects your magic capacity (+6).
Missiles
 g - 5 throwing nets {=F}
 q - 55 boomerangs
 r - 24 javelins
 v - 11 curare-tipped darts {=F}
 x - 12 datura-tipped darts {=F}
 A - 8 atropa-tipped darts
 N - 4 silver javelins
Armour
 u - the cursed +3 pair of gloves "Lashed With Me" (worn) {rC+ Str+3 Stlth+, Sorc, Comp}
   (You bought it in a shop on level 2 of the Orcish Mines)

   Str+3:     It affects your strength (+3).
   rC+:       It protects you from cold.
   Stlth+:    It makes you more stealthy.
   It has a curse which improves the following skills: Sorcery: Conjurations and
   Alchemy.
   Companions: Summonings and Necromancy.
 w - the cursed +3 troll leather armour of the Eye in the Sky (worn) {Regen+, Comp, Fort}
   (You found it on level 10 of the Dungeon)

   Regen+:    It increases your rate of health regeneration.
   It has a curse which improves the following skills: Companions: Summonings
   and Necromancy.
   Fortitude: Armour and Shields.
 G - a +4 kite shield of reflection
 M - the cursed +2 cloak of Apeoromancy (worn) {Will+, Comp, Elem}
   (You found it on level 1 of the Snake Pit)

   It has a curse which improves the following skills: Companions: Summonings
   and Necromancy.
   Elements:  Fire Magic, Ice Magic, Air Magic and Earth Magic.
 Q - the cursed +3 hat of Pondering (worn) {ponderous, Will+ MP+10 Int+5, Self, Fort}
   (You found it in a Gauntlet)

   Int+5:     It affects your intelligence (+5).
   Will+:     It increases your willpower.
   MP+10:     It affects your magic capacity (+10).
   It has a curse which improves the following skills: Introspection: Fighting
   and Spellcasting.
   Fortitude: Armour and Shields.
 R - the cursed +0 buckler "Bound With Me" (worn) {Self, Fort}
   (You found it on level 7 of the Dungeon)

   It has a curse which improves the following skills: Introspection: Fighting
   and Spellcasting.
   Fortitude: Armour and Shields.
 Z - the cursed +2 pair of boots of the Unyielding Gaze (worn) {rampage, Self, Dev}
   (You found it on level 4 of the Lair of Beasts)

   It has a curse which improves the following skills: Introspection: Fighting
   and Spellcasting.
   Devices:   Evocations.
Magical Staves
 a - the cursed staff "Ensconced With Me" (weapon) {rF+ Fire, Fort, Self}
   (You found it on level 2 of the Dungeon)

   [staff of fire]

   Base accuracy: +5 Base damage: 5 Base attack delay: 1.2 This weapon's minimum
   attack delay (0.6) is reached at skill level 12.
   rF+:       It protects you from fire.
   Fire:      It increases the power of your Fire spells.
   It falls into the 'Staves' category.
   It is a one-handed weapon.
   It has a curse which improves the following skills: Fortitude: Armour and
   Shields.
   Introspection: Fighting and Spellcasting.
 i - the staff of the Jumping Viper {Str+3 Stlth+ Earth}
   (You found it in a Gauntlet)

   [staff of earth]

   Base accuracy: +5 Base damage: 5 Base attack delay: 1.2 This weapon's minimum
   attack delay (0.6) is reached at skill level 12.
   Str+3:     It affects your strength (+3).
   Stlth+:    It makes you more stealthy.
   Earth:     It increases the power of your Earth spells.
   It falls into the 'Staves' category.
   It is a one-handed weapon.
 n - a staff of conjuration
 o - a staff of cold
 D - a staff of air
Jewellery
 b - the cursed amulet "Share My Vision" (around neck) {RegenMP, Dev, Self}
   (You found it on level 1 of the Elven Halls)

   [amulet of magic regeneration]

   RegenMP:   It increases your rate of magic regeneration.
   It has a curse which improves the following skills: Devices: Evocations.
   Introspection: Fighting and Spellcasting.
 e - the cursed ring of Curses and Power (right hand) {Fire Dex+3, Fort, Sorc}
   (You found it on level 1 of the Realm of Zot)

   [ring of fire]

   Fire:      It enhances your fire magic.
   Dex+3:     It affects your dexterity (+3).
   rF+:       It protects you from fire.
   rC-:       It makes you vulnerable to cold.
   It has a curse which improves the following skills: Fortitude: Armour and
   Shields.
   Sorcery:   Conjurations and Alchemy.
 z - the ring "Goggabod" {^Drain rN+ Will+ Str+4 Dex+6}
   (You took it off a merfolk aquamancer on level 4 of the Shoals)

   [ring of positive energy]

   Str+4:     It affects your strength (+4).
   Dex+6:     It affects your dexterity (+6).
   rN+:       It protects you from negative energy.
   Will+:     It increases your willpower.
   ^Drain:    It drains your maximum health when unequipped.
 K - the ring of Finality {rCorr AC+4}
   (You took it off a tengu reaver on level 5 of the Vaults)

   [ring of protection]

   AC+4:      It affects your AC (+4).
   rCorr:     It protects you from acid and corrosion.
 L - a ring of fire
 O - the cursed ring of Ashenzari's Secrets (left hand) {Fly rElec Str+3 Dex+8 Stlth-, Self, Sorc}
   (You acquired it on level 1 of the Shoals)

   [ring of flight]

   Str+3:     It affects your strength (+3).
   Dex+8:     It affects your dexterity (+8).
   rElec:     It insulates you from electricity.
   Fly:       It grants you flight.
   Stlth-:    It makes you less stealthy.
   It has a curse which improves the following skills: Introspection: Fighting
   and Spellcasting.
   Sorcery:   Conjurations and Alchemy.
Wands
 d - a wand of digging (11)
 f - a wand of flame (88)
 j - a wand of acid (2)
 k - a wand of iceblast (48)
 p - a wand of paralysis (67)
 s - a wand of mindburst (30)
 P - a wand of polymorph (34)
Scrolls
 m - 2 scrolls of revelation
 y - 7 scrolls of immolation
 B - 5 scrolls of blinking
 C - 12 scrolls of poison
 E - 3 scrolls of fear
 F - 4 scrolls of fog
 H - a scroll of torment
 J - 6 scrolls of silence {!r}
 S - a scroll of butterflies
 T - 28 scrolls of teleportation
 V - 11 scrolls of vulnerability
 X - 6 scrolls of amnesia
Miscellaneous
 l - a lightning rod (2/4)
 U - a phantom mirror


   Skills:
 - Level 14.5(22.0) Fighting
 - Level 12.0 Staves
 - Level 6.0 Throwing
 - Level 7.5(14.0) Armour
 + Level 11.0 Dodging
 + Level 10.6 Stealth
 - Level 10.4(17.0) Shields
 - Level 14.9(22.3) Spellcasting
 - Level 12.3(17.0) Conjurations
 - Level 9.8(14.5) Summonings
 - Level 5.4(10.0) Necromancy
 - Level 14.9 Translocations
 - Level 14.9(17.2) Fire Magic
 - Level 14.9(17.2) Air Magic
 - Level 7.4(10.0) Earth Magic
 - Level 7.3(12.0) Alchemy
 - Level 11.4(15.0) Evocations


You couldn't memorise any spells.
You knew the following spells:

 Your Spells              Type           Power      Damage    Failure   Level
d - Iskenderun's Mystic   Conj/Tloc      90%        2d18      1%          4
g - Apportation           Tloc           100%       N/A       0%          1
h - Lee's Rapid Deconstr  Erth           37%        3d18*     1%          5
i - Ignite Poison         Fire/Alch      100%       N/A       1%          4
k - Borgnjor's Vile Clut  Necr/Erth      58%        N/A       1%          5
m - Plasma Beam           Fire/Air       69%        2x1d86    1%          6
n - Stone Arrow           Conj/Erth      100%       3d13      0%          3
p - Passage of Golubria   Tloc           87%        N/A       1%          4
q - Swiftness             Air            93%        N/A       0%          3
r - Olgreb's Toxic Radia  Alch           80%        N/A       1%          4
s - Maxwell's Capacitive  Air            46%        ∞         7%          8
w - Passwall              Erth           74%        N/A       1%          3
B - Blink                 Tloc           100%       N/A       0%          2
C - Fireball              Conj/Fire      69%        3d26      1%          5
E - Irradiate             Conj/Alch      43%        3d26      1%          5
M - Malign Gateway        Summ/Tloc      43%        N/A       2%          7

Your spell library contained the following spells:

 Spells                   Type           Power      Damage    Failure   Level
 Foxfire                  Conj/Fire      100%       2x1d9     0%          1
 Shock                    Conj/Air       100%       1d9       0%          1
 Sting                    Conj/Alch      100%       1d9       0%          1
 Summon Small Mammal      Summ           100%       N/A       0%          1
 Call Imp                 Summ           100%       N/A       0%          2
 Cigotuvi's Dreadful Rot  Necr/Alch/Air  100%       N/A       0%          2
 Lesser Beckoning         Tloc           100%       N/A       0%          2
 Mercury Vapours          Alch/Air       100%       N/A       0%          2
 Momentum Strike          Conj/Tloc      100%       3d10      0%          2
 Scorch                   Fire           100%       2d9       0%          2
 Static Discharge         Conj/Air       100%       3-8/arc   0%          2
 Gell's Gravitas          Tloc           87%        N/A       0%          3
 Mephitic Cloud           Conj/Alch/Air  89%        N/A       0%          3
 Teleport Other           Tloc           87%        N/A       0%          3
 Volatile Blastmotes      Fire/Tloc      100%       2d18      0%          3
 Airstrike                Air            46%        2d(7-23)  0%          4
 Flame Wave               Conj/Fire      100%       2d21      0%          4
 Freeze                   Ice            100%       1d10      1%          1
 Necrotise                Necr           100%       1d9       1%          1
 Sandblast                Erth           100%       2d20      1%          1
 Ensorcelled Hibernation  Hex/Ice        66%        N/A       1%          2
 Jinxbite                 Hex            64%        N/A       1%          2
 Dazzling Flash           Conj/Hex       100%       N/A       1%          3
 Fugue of the Fallen      Necr           100%       N/A       1%          3
 Hailstorm                Conj/Ice       70%        3d12      1%          3
 Inner Flame              Hex/Fire       100%       N/A       1%          3
 Anguish                  Hex/Necr       47%        N/A       1%          4
 Animate Armour           Summ/Erth      100%       N/A       1%          4
 Animate Dead             Necr           100%       N/A       1%          4
 Brom's Barrelling Bould  Conj/Erth      84%        2d10      1%          4
 Fulminant Prism          Conj/Alch      43%        3d19      1%          4
 Leda's Liquefaction      Alch/Erth      38%        N/A       1%          4
 Manifold Assault         Tloc           87%        N/A       1%          4
 Petrify                  Alch/Erth      77%        N/A       1%          4
 Sticky Flame             Fire/Alch      100%       2d15      1%          4
 Summon Lightning Spire   Summ/Air       90%        N/A       1%          4
 Vhi's Electric Charge    Tloc/Air       100%       N/A       1%          4
 Alistair's Intoxication  Alch           53%        N/A       1%          5
 Arcjolt                  Conj/Air       46%        1d56      1%          5
 Curse of Agony           Necr           100%       N/A       1%          5
 Freezing Cloud           Conj/Ice/Air   39%        6-21      1%          5
 Iskenderun's Battlesphe  Conj           92%        2d14      1%          5
 Silence                  Hex/Air        35%        N/A       1%          5
 Summon Forest            Summ/Tloc      43%        N/A       1%          5
 Bombard                  Conj/Erth      42%        9d7       1%          6
 Conjure Ball Lightning   Conj/Air       46%        3x3d16    1%          6
 Dispersal                Tloc           43%        N/A       1%          6
 Eringya's Noxious Bog    Alch           40%        4d6       1%          6
 Starburst                Conj/Fire      69%        6d18      1%          6
 Orb of Destruction       Conj           46%        9d12      1%          7
 Spellforged Servitor     Conj/Summ      44%        N/A       1%          7
 Summon Hydra             Summ           43%        N/A       2%          7
 Frozen Ramparts          Ice            68%        1d11      3%          3
 Yara's Violent Unravell  Hex/Alch       30%        3d13      3%          5
 Haunt                    Necr/Summ      62%        N/A       7%          7
 Cause Fear               Hex            16%        N/A       13%         4
 Summon Horrible Things   Summ           43%        N/A       22%         8
 Metabolic Englaciation   Hex/Ice        16%        N/A       32%         5
 Lehudib's Crystal Spear  Conj/Erth      42%        10d10     32%         8
 Chain Lightning          Conj/Air       46%        3d62      75%         9
 Fire Storm               Conj/Fire      69%        8d18      75%         9
 Infestation              Necr           58%        N/A       80%         8
 Enfeeble                 Hex            16%        N/A       100%        7
 Polar Vortex             Ice            17%        12d2*     100%        9
 Shatter                  Erth           37%        3d29*     100%        9
 Sublimation of Blood     Necr           Unusable   N/A       N/A         2

Dungeon Overview and Level Annotations

Branches:
Dungeon (15/15)            Temple (1/1) D:4            Lair (5/5) D:10
 Shoals (4/4) Lair:2        Snake (4/4) Lair:3        Slime (0/5) Lair:4
    Orc (2/2) D:11            Elf (3/3) Orc:2        Vaults (5/5) D:13
  Crypt (0/3) Vaults:2     Depths (4/4) D:15            Zot (5/5) Depths:4
  IceCv (visited)         Volcano (visited)          WizLab (visited)
Gauntlet (visited)

Altars:
Ashenzari
Cheibriados
Dithmenos
Fedhas
Gozag
Hepliaklqana
Kikubaaqudgha
Makhleb
Nemelex Xobeh
Okawaru
Qazlal
Ru
Sif Muna
Trog
Uskayaw
Vehumet
Wu Jian
Xom
Yredelemnul
Jiyva
Lugonu

Shops:
D:8 *?(   D:10 [   D:12 :   Orc:2 [(=*   Elf:3 !   Vaults:2 [::!   Vaults:3 *[
Vaults:4 *   Depths:1 :   Depths:2 :

Portals:
Hell: Depths:1 Depths:2 Depths:3 Depths:4
Abyss: Depths:1 Depths:3
Pandemonium: Depths:1 Depths:2
Ziggurat: Depths:1


Innate Abilities, Weirdness & Mutations

You are immune to poison.
Your flesh is cold resistant. (rC+)
You are immune to negative energy. (rN+++)
You are immune to unholy pain and torment.
You are vulnerable to heat. (rF-)
You are strongly in touch with the powers of death.
You do not drink.
You have a special connection with the divine. (Faith)


Message History

Things that are here:
a +0 dagger; a +1 cloak Magic restored.
There is a stone staircase leading up here.
You fly upwards.
There is a stone staircase leading down here.
You sense a monster nearby.
A neqoxec comes into view.
Casting: Plasma Beam (mildly dangerous; 1% risk of failure)
Confirm with . or Enter, or press ? or * to list all spells.
You erupt in a fountain of uncontrolled magic!
The neqoxec is blasted with magical radiation!!
The neqoxec is almost dead.
The neqoxec twists and deforms.
You are very lightly contaminated with residual magic.
The neqoxec gestures at you. Something gnaws on your mind!
You feel your power leaking away.
You feel a strong surge of power!
The bolt of lightning hits the neqoxec.
You kill the neqoxec!
There is a stone staircase leading up here.
HP restored.
You fly upwards.
There is a stone staircase leading down here.
There is a stone staircase leading up here.
You fly upwards.
There is a stone staircase leading down here.
Your magical contamination has completely faded away.
Magic restored.
There is a stone staircase leading up here.
You fly upwards.
There is a stone staircase leading down here.
There is an escape hatch in the ceiling here.
A mysterious force pulls you upwards. The hatch slams shut behind you.
There is a stone staircase leading up here.
You fly upwards.
There is a stone staircase leading down here.
There is an open door here.
The naga shouts!
The armataur shouts!
The troll shouts!
The merfolk shouts!
The human shouts!
The minotaur bellows!
The orc shouts!
The demonspawn shouts!
The kobold shouts!
The tengu shouts!
The oni shouts!
The felid hisses angrily.
The gnoll shouts!
There is an open door here.
There is a staircase leading out of the dungeon here.
You have escaped!

#...#######
#........†.
#....###### ##.#.#
# #.#.# #
###############
####f#n#9#h#p#6#K#
#..###############
#@.'..............
#..###############
####V#F#R#g#O#Q#i#
###############
#.# #.# #.# #.#
#.#


There were no monsters in sight!

Vanquished Creatures
  2 dread liches (Zot:5)
  2 ancient liches (Zot:5)
  3 orbs of fire (Zot:5)
  Mara (Vaults:4)
  2 Killer Klowns (Zot:5)
  Saint Roka (Orc:2)
  Parghit (Zot:2)
  Vashnia (Snake:4)
  3 curse toes
  7 golden dragons
  A Hellbinder (WizLab)
  Nikola (Snake:2)
  A bone dragon (Depths:4)
  Norris (Elf:2)
  A Brimstone Fiend (Zot:4)
  3 electric golems
  3 doom hounds (Zot:2)
  Zenata (Elf:1)
  A hellephant (WizLab)
  21 tentacled monstrosities
  5 walking crystal tomes
  27 Orb Guardians
  3 deep elf blademasters
  2 walking earthen tomes (Depths:2)
  A lich (Depths:3)
  2 walking divine tomes (Depths:1)
  Grunn (Zot:2)
  2 krakens
  4 titans (Vaults:5)
  7 quicksilver dragons
  2 deep elf master archers (Elf:3)
  Polyphemus (Shoals:3)
  8 sphinxes
  11 death cobs
  Donald (Vaults:3)
  12 storm dragons
  15 shadow dragons
  Aizul (Snake:2)
  8 tengu reavers
  16 nagarajas
  5 draconian monks
  13 fire giants
  A protean progenitor (Zot:3)
  2 draconian shifters
  3 draconian knights
  6 ghost moths
  2 iron dragons
  3 deep elf sorcerers (Elf:3)
  2 deep elf elementalists (Elf:3)
  A nargun (Depths:1)
  17 vault wardens
  8 frost giants
  6 draconian scorchers
  3 spectral caustic shrikes (Depths:3)
  3 balrugs
  2 cacodemons (WizLab)
  2 orc warlords
  15 ironbound preservers
  28 very ugly things
  8 ironbound thunderhulks
  6 green draconians
  5 spriggan defenders
  3 draconian annihilators
  3 vampire knights
  6 draconian stormcallers
  15 stone giants
  5 deep elf demonologists
  2 lorocyprocas (WizLab)
  9 deep elf death magi (Elf:3)
  13 yellow draconians
  5 deep elf annihilators
  8 black draconians
  10 red draconians
  11 dire elephants
  The ghost of Sp3rw3r the Spear-Bearer, a journeyman MiFi of Ashenzari (Orc:2)
  2 spark wasps (Depths:2)
  3 war gargoyles
  11 purple draconians
  10 white draconians
  An eidolon (Vaults:2)
  A minotaur (Gauntlet)
  3 merfolk javelineers (Shoals:3)
  Josephine (Lair:5)
  15 ettins
  5 blizzard demons
  2 green deaths (WizLab)
  A quicksilver dragon zombie (D:15)
  8 fire dragons
  3 crystal guardians (Vaults:3)
  4 deep elf high priests
  A merfolk impaler (Shoals:2)
  15 yaktaur captains
  3 entropy weavers
  An entropy weaver (shapeshifter) (Elf:1)
  Erolcha (D:9)
  10 great orbs of eyes
  4 ice dragons
  38 vault guards
  8 hydras
  2 alligators (Snake:2)
  4 rakshasas
  2 peacekeepers
  2 salamander tyrants (Snake:4)
  10 ironbound frosthearts
  A caustic shrike simulacrum (IceCv)
  4 hell beasts (WizLab)
  A radroach (shapeshifter) (Vaults:5)
  2 catoblepae
  A spriggan air mage (Depths:2)
  7 anacondas
  An ogre mage (Vaults:5)
  4 merfolk avatars
  3 alligator snapping turtles
  7 two-headed ogres
  2 two-headed ogres (shapeshifter) (Vaults:5)
  6 boulder beetles
  2 merfolk aquamancers (Shoals:4)
  3 deep troll shamans
  2 jorogumos (Zot:3)
  13 death yaks
  A hell hog (Volcano)
  8 centaur warriors
  13 satyrs (Shoals:4)
  3 vampire magi
  7 deep troll earth magi
  15 shock serpents
  11 naga sharpshooters (Snake:4)
  11 naga warriors
  A thrashing horror (Abyss:1)
  3 spriggan berserkers
  33 dancing weapons
  5 tengu warriors
  6 hell knights
  An occultist (Vaults:3)
  5 spriggans
  A soul eater (WizLab)
  A storm dragon zombie (D:15)
  5 sun demons
  Amaemon (Lair:3)
  14 deep elf knights
  6 skysharks
  3 sixfirhies (WizLab)
  3 salamander mystics
  3 skeletal warriors (D:15)
  6 iron trolls
  3 goliath frogs (Snake:2)
  7 mana vipers
  A snapping turtle (shapeshifter) (Vaults:5)
  40 deep trolls
  A shadow demon (D:10)
  An obsidian statue (IceCv)
  13 sea snakes
  9 deep elf archers
  11 spriggan simulacra (IceCv)
  8 arcanists
  19 harpies
  A mana viper (shapeshifter) (Elf:1)
  9 naga ritualists
  A phantasmal warrior (Vaults:5)
  4 glowing orange brains
  A bog body (IceCv)
  24 deep elf zephyrmancers
  4 flayed ghosts (Depths:3)
  4 necromancers
  6 lindwurms
  20 ironbound convokers
  7 orc knights
  25 deep elf pyromancers
  11 salamanders
  An oklob plant (Gauntlet)
  44 ugly things
  A wolf spider (Lair:5)
  An ugly thing (shapeshifter) (Vaults:5)
  15 fauns
  4 orc sorcerers
  5 cyclopes
  The ghost of terchi the Trooper, a novice OnCA of Dithmenos (D:5)
  Maurice (D:7)
  8 merfolk sirens
  23 moths of wrath
  11 manticores
  29 black mambas
  7 elephants
  2 toenail golems
  A kobold blastminer (Orc:2)
  A water nymph (shapeshifter) (Depths:3)
  3 rust devils
  9 apocalypse crabs (Depths:3)
  An eye of devastation (Gauntlet)
  6 torpor snails
  4 gargoyles
  5 guardian serpents
  2 molten gargoyles (Volcano)
  9 naga magi
  6 water nymphs
  24 vault sentinels
  3 orange demons
  23 cane toads
  A smoke demon (WizLab)
  An unseen horror (D:12)
  A hellion (WizLab)
  11 komodo dragons
  A kobold demonologist (D:12)
  3 rime drakes
  10 ice devils
  37 yaktaurs
  3 tormentors (WizLab)
  7 freezing wraiths
  A golden dragon simulacrum (IceCv)
  4 tengu conjurers
  6 wind drakes
  3 red devils (WizLab)
  3 tyrant leeches (Lair:5)
  3 hellwings (WizLab)
  A merfolk (shapeshifter) (Elf:2)
  A queen bee (shapeshifter) (Elf:1)
  10 trolls
  A tarantella (Vaults:1)
  A troll (shapeshifter) (Elf:1)
  A polar bear (Lair:3)
  A tarantella (shapeshifter) (Elf:1)
  2 alligator simulacra (IceCv)
  14 hornets
  21 merfolk
  A raiju (shapeshifter) (Depths:2)
  2 glass eyes
  16 blink frogs
  9 snapping turtles
  21 slime creatures
  A dire elephant simulacrum (IceCv)
  A shadow (D:11)
  4 air elementals
  60 yaks
  2 spriggans (shapeshifter)
  11 water elementals
  8 wraiths
  5 basilisks
  12 fire bats
  3 fire elementals
  A yak (shapeshifter) (D:14)
  A hog (D:11)
  3 redbacks
  A golden eye (Gauntlet)
  5 wargs
  6 vampire mosquitoes
  20 wyverns
  A redback (shapeshifter) (Vaults:5)
  A hog (shapeshifter) (D:14)
  A neqoxec (D:6)
  A steam dragon (D:7)
  9 minotaur simulacra (IceCv)
  11 nagas
  2 acid dragons
  4 harpy simulacra (IceCv)
  27 water moccasins
  A hydra simulacrum (IceCv)
  3 hell hounds (Volcano)
  26 orc warriors
  A naga skeleton (Abyss:1)
  A sky beast (D:5)
  3 ice beasts
  12 black bears
  An ettin simulacrum (IceCv)
  A small abomination (Abyss:1)
  7 boggarts
  9 ogres
  7 wolves
  8 centaurs
  Blork the orc (D:4)
  4 kobold brigands
  18 bullfrogs
  4 gnoll sergeants
  3 earth elementals
  9 deep troll simulacra (IceCv)
  3 scorpions (D:12)
  4 wights (D:9)
  A lindwurm simulacrum (IceCv)
  12 killer bees
  A killer bee (shapeshifter) (Vaults:5)
  16 electric eels
  4 howler monkeys (D:10)
  6 lava snakes
  A bombardier beetle (D:4)
  3 hounds
  24 orc priests
  A gnoll bouda (D:11)
  2 jellies
  A sleepcap (D:5)
  Natasha (thrice) (D:3)
  3 iguanas
  22 orc wizards
  4 hell rats (Lair:1)
  Robin (D:2)
  14 gnolls
  7 river rats (Lair:1)
  11 adders
  A shadow imp (D:7)
  2 white imps (Gauntlet)
  2 ufetubi (Abyss:1)
  4 dart slugs
  2 ribbon worms
  100 orcs
  13 ball pythons
  3 endoplasms
  6 giant cockroaches
  17 goblins
  6 hobgoblins
  3 jackals (D:5)
  14 kobolds
  4 quokkas
  9 bats
  A frilled lizard (D:1)
  12 rats
2154 creatures vanquished.

Vanquished Creatures (others)
  A deep elf knight (Elf:1)
  4 tentacles (Shoals:3)
5 creatures vanquished.

Grand Total: 2159 creatures vanquished

Notes
Turn   | Place    | Note
-------+----------+-------------------------------------------
     0 | D:1      | Ge0ff the Mummy Alchemist began the quest for the Orb.
     0 | D:1      | Reached XP level 1. HP: 13/13 MP: 4/4
     2 | D:1      | Noticed a vine stalker
     2 | D:1      | Noticed a vampire
     4 | D:1      | Noticed a ghoul
     4 | D:1      | Noticed a barachi
     6 | D:1      | Noticed a gargoyle
     6 | D:1      | Noticed a djinni
     8 | D:1      | Noticed a felid
    10 | D:1      | Noticed a demigod
    10 | D:1      | Noticed an oni
    12 | D:1      | Noticed a demonspawn
    12 | D:1      | Noticed a tengu
    14 | D:1      | Noticed a spriggan
    24 | D:1      | Noticed a minotaur
    24 | D:1      | Noticed an octopode
    26 | D:1      | Noticed a human
    28 | D:1      | Noticed an elf
    28 | D:1      | Noticed a formicid
    30 | D:1      | Noticed a merfolk
    30 | D:1      | Noticed a troll
    32 | D:1      | Noticed an armataur
    32 | D:1      | Noticed a draconian
    34 | D:1      | Noticed a naga
    71 | D:1      | Reached skill level 1 in Conjurations
   159 | D:1      | Found a faded altar of an unknown god.
   262 | D:1      | Reached XP level 2. HP: 19/19 MP: 3/6
   293 | D:1      | Learned a level 2 spell: Mercury Vapours
  1309 | D:2      | Reached XP level 3. HP: 24/24 MP: 5/7
  1394 | D:2      | Noticed Robin
  1402 | D:1      | Learned a level 3 spell: Mephitic Cloud
  1939 | D:2      | Reached skill level 1 in Air Magic
  2215 | D:2      | Killed Robin
  2352 | D:2      | Reached XP level 4. HP: 30/30 MP: 6/9
  3997 | D:3      | Learned a level 3 spell: Stone Arrow
  4221 | D:3      | Reached XP level 5. HP: 35/35 MP: 4/10
  4283 | D:3      | Noticed Natasha
  4298 | D:3      | Killed Natasha
  4767 | D:3      | Noticed Natasha
  4798 | D:3      | Killed Natasha
  4799 | D:3      | Reached skill level 1 in Evocations
  5210 | D:3      | Noticed Natasha
  5223 | D:3      | Killed Natasha
  5661 | D:4      | Reached XP level 6. HP: 41/41 MP: 8/11
  5968 | D:4      | Identified 3 scrolls of acquirement
  5969 | D:4      | hello there
  6058 | D:4      | Found a staircase to the Ecumenical Temple.
  6071 | Temple   | Entered the Ecumenical Temple
  6121 | Temple   | Became a worshipper of Ashenzari the Shackled
  6122 | Temple   | Acquired 625 gold pieces
  6123 | Temple   | Acquired 1000 gold pieces
  6124 | Temple   | Acquired a Trismegistus Codex
  6354 | D:4      | Noticed Blork the orc
  6470 | D:4      | Killed Blork the orc
  6471 | D:4      | Reached XP level 7. HP: 47/47 MP: 0/13
  6595 | D:4      | Reached skill level 1 in Earth Magic
  6760 | D:4      | Found a staircase to the Ecumenical Temple.
  7133 | D:5      | Entered Level 5 of the Dungeon
  7139 | D:5      | Learned a level 4 spell: Ignite Poison
  7149 | D:5      | Found an opulent altar of Gozag.
  7164 | D:5      | Reached skill level 1 in Fighting
  7486 | D:5      | Reached skill level 1 in Fire Magic
  7694 | D:5      | You fall into a shaft and drop 1 floor!
  7908 | D:5      | Found a radiant altar of Vehumet.
  8231 | D:5      | Found a bloodstained altar of Trog.
  8244 | D:5      | Found a shimmering altar of Xom.
  8247 | D:5      | Found an ancient bone altar of Kikubaaqudgha.
  8337 | D:5      | Found a large runed translucent door.
  8337 | D:5      | Found a large runed translucent door.
  8337 | D:5      | Noticed terchi's ghost (novice OnCA)
  9089 | D:5      | Found a bloodstained altar of Trog.
  9089 | D:5      | Found an ancient bone altar of Kikubaaqudgha.
  9089 | D:5      | Found a shimmering altar of Xom.
  9266 | D:5      | Found an opulent altar of Gozag.
  9279 | D:5      | Found a large runed translucent door.
  9279 | D:5      | Found a large runed translucent door.
  9580 | D:5      | Found a radiant altar of Vehumet.
 10186 | D:6      | Reached XP level 8. HP: 22/54 MP: 1/14
 10782 | D:6      | Reached * piety under Ashenzari
 11546 | D:7      | Learned a level 4 spell: Olgreb's Toxic Radiance
 12641 | D:7      | Noticed Maurice
 12677 | D:7      | Killed Maurice
 12678 | D:7      | Reached skill level 5 in Spellcasting
 13048 | D:7      | Found an iron altar of Okawaru.
 13146 | D:7      | Reached XP level 9. HP: 60/62 MP: 9/18
 13406 | D:7      | Reached ** piety under Ashenzari
 13770 | D:8      | Found Paijad's Magic Scroll Emporium.
 13845 | D:8      | Bought a scroll of fear for 44 gold pieces
 13845 | D:8      | Bought a scroll of immolation for 44 gold pieces
 13845 | D:8      | Bought a scroll of teleportation for 33 gold pieces
 13845 | D:8      | Bought a scroll of enchant armour for 82 gold pieces
 13845 | D:8      | Bought a scroll of brand weapon for 104 gold pieces
 13845 | D:8      | Bought a scroll of silence for 104 gold pieces
 13903 | D:8      | Reached skill level 5 in Fire Magic
 14162 | D:8      | Noticed a tengu conjurer
 14166 | D:8      | Killed a tengu conjurer
 14167 | D:8      | Reached skill level 1 in Throwing
 14167 | D:8      | Reached skill level 1 in Shields
 14189 | D:8      | Reached skill level 5 in Alchemy
 14794 | D:8      | Noticed a two-headed ogre
 14803 | D:8      | Noticed a white ugly thing
 14805 | D:8      | Killed a two-headed ogre
 15489 | D:8      | Reached XP level 10. HP: 71/71 MP: 1/21
 15654 | D:8      | Found Pafiriz's Antique Weapon Boutique.
 16310 | D:8      | Killed a white ugly thing
 16432 | D:8      | Found Zicree's General Store.
 16436 | D:8      | Bought a scroll of poison for 56 gold pieces
 17112 | D:9      | Reached skill level 5 in Conjurations
 18040 | D:9      | Noticed Erolcha
 18044 | Abyss:1  | Cast into level 1 of the Abyss (Erolcha)
 18170 | Abyss:1  | Noticed a rakshasa
 18419 | Abyss:1  | Noticed an apocalypse crab
 18421 | Abyss:1  | Noticed a wretched star
 18423 | Abyss:1  | Noticed a starcursed mass
 18445 | Abyss:1  | Reached *** piety under Ashenzari
 18463 | Abyss:1  | Noticed a thrashing horror
 18471 | Abyss:1  | Killed a thrashing horror
 18472 | Abyss:1  | Reached XP level 11. HP: 35/78 MP: 15/24
 18484 | Abyss:1  | Noticed a wretched star
 18495 | D:9      | Escaped the Abyss
 18503 | D:9      | Killed Erolcha
 18940 | D:10     | Entered Level 10 of the Dungeon
 19226 | D:10     | Found a staircase to the Lair.
 19918 | D:10     | Reached **** piety under Ashenzari
 20348 | D:10     | Noticed a two-headed ogre
 20360 | D:10     | Killed a two-headed ogre
 20645 | D:10     | Identified the Cyclopedia of Arson and Austromancy
 20802 | D:10     | Noticed a two-headed ogre
 20811 | D:10     | Killed a two-headed ogre
 20812 | D:10     | Reached skill level 1 in Armour
 21020 | D:10     | Found a sacrificial altar of Ru.
 21030 | D:10     | Found Daniufih's Antique Armour Boutique.
 21036 | D:10     | Bought a twisted robe for 136 gold pieces
 21036 | D:10     | Identified the +4 robe "Qaloh" {-Cast +Blink rC+++ SInv}
                  | (You bought it in a shop on level 10 of the Dungeon)
 21303 | D:10     | Noticed a two-headed ogre
 21308 | D:10     | Killed a two-headed ogre
 21515 | D:10     | Bought a scorched ring mail for 216 gold pieces
 21515 | D:10     | Identified the +1 ring mail of Time Monsters {Str+5} (You
                  | bought it in a shop on level 10 of the Dungeon)
 21547 | D:11     | Reached skill level 5 in Shields
 21976 | D:11     | Noticed a white ugly thing
 21980 | D:11     | Killed a white ugly thing
 22371 | D:11     | Reached XP level 12. HP: 75/91 MP: 8/28
 23530 | D:11     | Identified the +1 storm dragon scales "Hifrac Anluo"
                  | {+Blink rElec Will- rCorr Slay+4}
 23558 | D:11     | Found a hide-covered altar of Uskayaw.
 23777 | D:11     | Found a staircase to the Orcish Mines.
 23784 | D:11     | Learned a level 5 spell: Irradiate
 24030 | D:11     | Learned a level 5 spell: Fireball
 24184 | D:11     | Noticed a two-headed ogre
 24188 | D:11     | Killed a two-headed ogre
 24189 | D:11     | Reached skill level 10 in Spellcasting
 24189 | D:11     | Reached skill level 5 in Evocations
 24246 | D:11     | Identified the +0 chain mail of the End {Str+3 Int-4
                  | Slay+2}
 25618 | Orc:1    | Entered Level 1 of the Orcish Mines
 25627 | D:11     | Reached ***** piety under Ashenzari
 26166 | Orc:2    | Entered Level 2 of the Orcish Mines
 26830 | Orc:2    | Noticed an ettin
 26835 | Orc:2    | Killed an ettin
 27060 | Orc:2    | Reached skill level 5 in Fighting
 27490 | Orc:2    | Found a runed translucent gate.
 27490 | Orc:2    | Found a runed translucent gate.
 27490 | Orc:2    | Found a runed translucent gate.
 27491 | Orc:2    | Noticed Sp3rw3r's ghost (journeyman MiFi)
 27491 | Orc:2    | Identified the +0 long sword "Nunawna" {heavy, rF++ MP-9
                  | Dex+4}
 28067 | Orc:2    | Found a staircase to the Elven Halls.
 28227 | Orc:2    | Found Erugg's Jewellery Shop.
 28282 | Orc:2    | Bought an amulet of regeneration for 390 gold pieces
 28441 | Orc:2    | Found Zuevew's General Store.
 28504 | Orc:2    | Bought a scroll of poison for 52 gold pieces
 28504 | Orc:2    | Bought a scroll of teleportation for 39 gold pieces
 28803 | Orc:2    | Noticed Saint Roka
 28810 | Orc:2    | Gained mutation: You are strongly in touch with the powers
                  | of death. [Mummy growth]
 28810 | Orc:2    | Reached XP level 13. HP: 72/101 MP: 16/32
 28814 | Orc:2    | Killed Saint Roka
 28948 | Orc:2    | Found Ontiba Ysage's Antique Weapon Shoppe.
 28953 | Orc:2    | Found Pecs's Antique Armour Emporium.
 29001 | Orc:2    | Bought a pair of transparent gloves for 218 gold pieces
 29001 | Orc:2    | Identified the +3 pair of gloves "Egiew" {rC+ Str+3 Stlth+}
                  | (You bought it in a shop on level 2 of the Orcish Mines)
 29138 | Orc:2    | Bought a ring of willpower for 325 gold pieces
 29252 | Lair:1   | Entered Level 1 of the Lair of Beasts
 29312 | Lair:1   | Learned a level 2 spell: Blink
 29314 | Lair:1   | Found a gate leading to a gauntlet.
 29323 | Gauntlet | Entered a Gauntlet
 29323 | Gauntlet | Found a transporter.
 29333 | Gauntlet | Found a transporter.
 29334 | Gauntlet | Found a transporter.
 29352 | Gauntlet | Found a transporter.
 29353 | Gauntlet | Found a transporter.
 29356 | Gauntlet | Found a runed translucent door.
 29356 | Gauntlet | Found a runed translucent door.
 29356 | Gauntlet | Noticed a balrug
 29363 | Gauntlet | Found a transporter.
 29363 | Gauntlet | Identified the +0 pair of gloves of Vecopn {rC+}
 29379 | Gauntlet | Found a transporter.
 29388 | Gauntlet | Found a transporter.
 29401 | Gauntlet | Noticed a blizzard demon
 29406 | Gauntlet | Found the +3 hat of Pondering {ponderous, Will+ MP+10
                  | Int+5}
 29408 | Gauntlet | Found a transporter.
 29419 | Gauntlet | Found a transporter.
 29421 | Gauntlet | Found a transporter.
 29436 | Gauntlet | Found a transporter.
 29443 | Gauntlet | Found a transporter.
 29448 | Gauntlet | Found a transporter.
 29762 | Gauntlet | Killed a blizzard demon
 29831 | Gauntlet | Noticed a minotaur
 29835 | Gauntlet | Killed a minotaur
 29840 | Gauntlet | Identified the staff of the Jumping Viper {Str+3 Stlth+
                  | Earth}
 29840 | Gauntlet | Identified the +7 rapier of the Horn {pain, rElec rF+}
 29922 | Lair:1   | Found a dark tunnel.
 29947 | Volcano  | Entered a volcano
 30347 | Volcano  | Found a bloodstained altar of Trog.
 32120 | Lair:2   | Found a staircase to the Shoals.
 34032 | Lair:3   | Reached XP level 14. HP: 111/111 MP: 24/33
 34122 | Lair:3   | Reached skill level 10 in Fire Magic
 34428 | Lair:3   | Noticed Amaemon
 34432 | Lair:3   | Killed Amaemon
 34865 | Lair:3   | Found a staircase to the Snake Pit.
 35371 | Lair:4   | Found a transporter.
 35371 | Lair:4   | Found a transporter.
 35381 | Lair:4   | Found a staircase to the Slime Pits.
 35570 | Lair:4   | Found a viscous altar of Jiyva.
 36356 | Lair:5   | Entered Level 5 of the Lair of Beasts
 38061 | Lair:4   | Reached skill level 10 in Conjurations
 38535 | Lair:5   | Noticed Josephine
 38536 | Lair:5   | Reached XP level 15. HP: 119/119 MP: 20/34
 38547 | Lair:5   | Killed Josephine
 39442 | Lair:5   | Reached ****** piety under Ashenzari
 39801 | Lair:5   | Identified the serpent talisman of Hodimn {rF+ Dex+3}
 40496 | Lair:5   | Found the +8 pair of quick blades "Gyre" and "Gimble"
                  | {protect}
 40921 | D:5      | Killed terchi's ghost
 41413 | D:12     | Found Heonocs's Book Shoppe.
 41421 | D:12     | Bought a book of Fire for 384 gold pieces
 41428 | D:12     | Learned a level 6 spell: Plasma Beam
 41670 | D:12     | Found the +11 Singing Sword {sonic wave}
 43353 | D:13     | Found a gate to the Vaults.
 43839 | D:14     | Reached skill level 5 in Air Magic
 44433 | Orc:2    | Bought a +6 ring of intelligence for 468 gold pieces
 44972 | D:15     | Entered Level 15 of the Dungeon
 45642 | D:15     | Found a staircase to the Depths.
 46948 | D:15     | Identified the +0 short sword of Qokaano {heavy, rElec rC+}
 47477 | Orc:2    | Killed Sp3rw3r's ghost
 47709 | Snake:1  | Entered Level 1 of the Snake Pit
 47843 | Snake:1  | Reached XP level 16. HP: 132/132 MP: 36/36
 48059 | Snake:1  | Identified the +3 chain mail of the Vestibule of Hell {rF+}
 50888 | Snake:2  | Identified the serpent talisman of the Alphagorgon {rF+
                  | rCorr Dex+3}
 50888 | Snake:2  | Noticed Aizul
 50895 | Snake:2  | Killed Aizul
 50971 | Snake:2  | Noticed Nikola
 50976 | Snake:2  | Killed Nikola
 51273 | Snake:2  | Reached skill level 10 in Air Magic
 52102 | Orc:2    | Bought a shiny kite shield for 172 gold pieces
 52555 | Snake:3  | Identified Sif Muna's Anthology of the Zephyr and the
                  | Arsonist
 54454 | Snake:4  | Entered Level 4 of the Snake Pit
 54474 | Snake:4  | Reached skill level 5 in Earth Magic
 54601 | Snake:4  | Reached XP level 17. HP: 144/144 MP: 15/40
 55710 | Snake:4  | Noticed Vashnia
 55831 | Snake:4  | Killed Vashnia
 56402 | Snake:4  | Reached skill level 5 in Dodging
 57632 | Snake:4  | Got a serpentine rune of Zot
 58134 | Snake:4  | Learned a level 3 spell: Passwall
 58245 | Shoals:1 | Entered Level 1 of the Shoals
 58408 | Shoals:1 | Found a glacial archway.
 58450 | IceCv    | Entered an ice cave
 59014 | IceCv    | Identified the +7 spear "Peanei" {venom, rN+}
 60754 | Shoals:1 | Reached XP level 18. HP: 154/154 MP: 40/42
 60828 | Shoals:1 | Acquired the ring "Ytrelut" {Fly rElec Str+3 Dex+8 Stlth-}
 60835 | Shoals:1 | Acquired 590 gold pieces
 61498 | Shoals:2 | Reached skill level 1 in Translocations
 62949 | Shoals:3 | Noticed Polyphemus
 63177 | Shoals:3 | Killed Polyphemus
 63979 | Shoals:3 | Found a shadowy altar of Dithmenos.
 64788 | Shoals:4 | Entered Level 4 of the Shoals
 65469 | Shoals:4 | Reached skill level 5 in Translocations
 66034 | Shoals:4 | Identified the +1 robe of Yfytaeth {Str+5}
 66449 | Shoals:4 | Identified the ring "Goggabod" {^Drain rN+ Will+ Str+4
                  | Dex+6}
 67168 | Shoals:4 | Found the +8 arc blade {discharge, rElec}
 67203 | Shoals:4 | Got a barnacled rune of Zot
 68182 | Elf:1    | Entered Level 1 of the Elven Halls
 68574 | Elf:1    | Reached XP level 19. HP: 147/161 MP: 22/43
 69652 | Elf:1    | Noticed Zenata
 69859 | Elf:1    | Killed Zenata
 71036 | Elf:2    | Paralysed by an air elemental for 1 turns
 71324 | Elf:2    | Noticed Norris
 71327 | Elf:2    | Killed Norris
 71793 | Elf:3    | Entered Level 3 of the Elven Halls
 71993 | Elf:3    | Reached skill level 10 in Translocations
 72125 | Elf:3    | Identified the +3 ring mail of the Sun {Slay+2 SInv}
 72505 | Elf:2    | Found a runed translucent gate.
 72524 | Elf:2    | Found a runed translucent gate.
 72524 | Elf:2    | Found a runed translucent gate.
 74883 | Elf:3    | Identified the ring "Bokopt" {rPois rC+ Str-4 Int+6 Dex+4}
 75090 | Elf:3    | Found Dibaguseu's Distillery.
 75090 | Elf:3    | Paralysed by an air elemental for 1 turns
 75361 | Elf:3    | Identified the +3 leather armour of Charity {Harm Int+5}
 75361 | Elf:3    | Identified the ring "Opay" {rN++ MP+9 Str+3 Dex-5 Stlth+}
 75375 | Elf:3    | Identified the +1 whip of Defence {protect, Will- Dex+7}
 75541 | Elf:3    | Identified the +9 flail "Killer Klown's Doom" {heavy,
                  | ^Drain rElec rN+}
 75545 | Elf:3    | Noticed a Tzitzimitl
 75553 | Elf:3    | Reached XP level 20. HP: 147/168 MP: 20/44
 75715 | Elf:3    | Identified the +8 orcbow "Kuqemm" {freeze, +Blink rF++
                  | Int+3 Stlth+}
 75717 | Elf:3    | Identified the +0 longbow of the Howling One {flame, rC+
                  | SInv}
 75802 | Elf:3    | Identified Tozelyqa's Atlas of Scorching Scree
 76102 | Vaults:1 | Entered Level 1 of the Vaults
 76585 | D:8      | Bought a scroll of enchant armour for 105 gold pieces
 77367 | Vaults:1 | Identified the +1 flail of the Final Decision {vamp, rC+
                  | Str-2 Int+5}
 78681 | Vaults:1 | Reached skill level 1 in Staves
 79346 | Vaults:2 | Found a magical portal.
 79357 | WizLab   | Entered The Hall of the Hellbinder
 79469 | WizLab   | Reached skill level 5 in Staves
 80443 | WizLab   | Noticed Idiumit
 80446 | WizLab   | Killed Idiumit the Hellbinder
 80505 | WizLab   | Found a burning altar of Makhleb.
 80505 | WizLab   | Identified the ring of Impatience {rF+++ rC- Int-5 Dex+6
                  | Stlth+}
 80506 | WizLab   | Identified the +8 ring mail of Spite {rF+ Str+2 Int-3}
 80550 | WizLab   | Found the +7 Throatcutter {drain, coup de grace}
 80552 | WizLab   | Identified the Precepts of the Six Stories
 80552 | WizLab   | Identified the amulet of Vicirysh {Acrobat rC+ rCorr}
 80683 | Vaults:2 | Identified the +8 hand axe of the Jumping Seeker {drain,
                  | rN+ Int+3}
 81302 | Vaults:2 | Found Xycrok's Armour Shop.
 81327 | Vaults:2 | Found Welauz Anu's Book Emporium.
 81335 | Vaults:2 | Bought a book of Blasting for 560 gold pieces
 81335 | Vaults:2 | Bought a manual of Shields for 1600 gold pieces
 81335 | Vaults:2 | Bought Junorgh's Book of the Frigorific Syncline for 880
                  | gold pieces
 81347 | Vaults:2 | Learned a level 7 spell: Malign Gateway
 81352 | Vaults:2 | Learned a level 4 spell: Iskenderun's Mystic Blast
 81358 | Vaults:2 | Learned a level 5 spell: Lee's Rapid Deconstruction
 81473 | Vaults:2 | Reached skill level 1 in Summonings
 81580 | Vaults:2 | Found Wubiur's Book Shop.
 81869 | Vaults:2 | Reached XP level 21. HP: 171/171 MP: 21/44
 82037 | Vaults:2 | Identified the +5 lajatang "Hell-Harrower" {holy, MP+9}
 82099 | Vaults:2 | Found Tugoax's Distillery.
 82324 | Vaults:2 | Found a staircase to the Crypt.
 82610 | Vaults:3 | Noticed Donald
 82613 | Vaults:3 | Killed Donald
 82827 | Vaults:3 | Identified Sif Muna's Papyrus of the Terrestrial Wayfarer
 83218 | Vaults:3 | Found Liobuawn's Orb Outfitters.
 83410 | Vaults:3 | Found Igedgh's Armour Boutique.
 83611 | Vaults:3 | Reached skill level 5 in Summonings
 83880 | Vaults:3 | Identified the Atlas of Apparitions
 84387 | Vaults:4 | Noticed Mara
 84477 | Vaults:4 | Killed Mara
 85083 | Vaults:4 | Found Fuitiopt's Assorted Antiques.
 85085 | Vaults:4 | Reached skill level 10 in Staves
 85118 | Vaults:4 | Bought a scroll of teleportation for 123 gold pieces
 85118 | Vaults:4 | Bought a wand of paralysis (6) for 590 gold pieces
 85118 | Vaults:4 | Bought a scroll of teleportation for 123 gold pieces
 85209 | Vaults:4 | Identified the +0 plate armour of the Harvest {Stlth+}
 85856 | Depths:1 | Entered Level 1 of the Depths
 85856 | Depths:1 | Found Xyuhegg's Self-Published Books.
 86213 | Depths:1 | Reached XP level 22. HP: 184/184 MP: 19/49
 86276 | Depths:1 | Found a one-way gate to the infinite horrors of the Abyss.
 86370 | Depths:1 | Found a one-way gateway to a ziggurat.
 86597 | Depths:1 | Found a one-way gate leading to the halls of Pandemonium.
 86822 | Depths:1 | Reached skill level 10 in Fighting
 86908 | Depths:1 | Found a gateway to Hell.
 87187 | Depths:1 | Identified the +4 double sword of Oxeasch {vamp, +Blink rF-
                  | Int+3 Dex+2}
 88689 | Depths:2 | Reached skill level 5 in Throwing
 88755 | Depths:2 | Noticed a golden dragon
 88765 | Depths:2 | Killed a golden dragon
 88815 | Depths:2 | Identified the ring of Enkete {Ice Will- Int+8}
 89048 | Depths:2 | Found Famenlos's Self-Improvement Boutique.
 89497 | Depths:2 | Found an ornate altar of the Wu Jian Council.
 90579 | Depths:3 | Found a corrupted altar of Lugonu.
 90606 | Depths:3 | Identified the Compendium of Pneumatic Last Rites
 91356 | Depths:3 | Identified the +9 shortbow "Tobreqoi" {speed, rElec rF++
                  | rC+ Dex-3}
 91474 | Depths:3 | Learned a level 1 spell: Apportation
 91514 | Depths:4 | Entered Level 4 of the Depths
 91670 | Depths:4 | Reached XP level 23. HP: 165/194 MP: 42/50
 92194 | Depths:4 | Identified the +1 chain mail of the Teacher {Rampage rC+
                  | Str+5 Int-3}
 92286 | Depths:4 | Found a gate to the Realm of Zot.
 92953 | Depths:4 | Found a broken altar of Ashenzari.
 93509 | Depths:4 | Found a gate to the Realm of Zot.
 93790 | Depths:4 | Found a broken altar of Ashenzari.
 94267 | Vaults:4 | You are sucked into a shaft and drop 1 floor!
 94267 | Vaults:5 | Entered Level 5 of the Vaults
 94274 | Vaults:5 | Reached skill level 5 in Stealth
 94511 | Vaults:5 | Identified the +7 plate armour "Leigafap" {Rampage Regen+
                  | SInv Stlth-}
 94513 | Vaults:5 | Identified the ring of Finality {rCorr AC+4}
 95346 | Vaults:5 | Identified the +0 shortbow of Deformation {heavy, rCorr}
 95590 | Vaults:5 | Found the +2 hood of the Assassin {Detect Stab+ Stlth++}
 95650 | Vaults:5 | Acquired 768 gold pieces
 96022 | Vaults:5 | Got a silver rune of Zot
 96254 | Vaults:5 | Reached XP level 24. HP: 204/204 MP: 35/50
 96487 | Vaults:5 | Reached skill level 5 in Armour
 96698 | Vaults:5 | Reached skill level 10 in Shields
 97503 | Depths:1 | Bought the Papyrus of the Unknown Variable for 1638 gold
                  | pieces
 97512 | Depths:1 | Learned a level 8 spell: Maxwell's Capacitive Coupling
 97519 | Depths:1 | Learned a level 5 spell: Borgnjor's Vile Clutch
 97524 | Depths:1 | Learned a level 4 spell: Passage of Golubria
 97528 | Depths:1 | Learned a level 3 spell: Swiftness
 97622 | Zot:1    | Entered Level 1 of the Realm of Zot
 97688 | Zot:1    | Reached skill level 1 in Necromancy
 99231 | Zot:1    | Identified the ring of Kaixkug {Fire Dex+3}
100396 | Zot:2    | Reached skill level 10 in Evocations
101035 | Zot:2    | Noticed Parghit
101054 | Zot:2    | Killed Parghit
101455 | Zot:2    | Noticed Grunn
101460 | Zot:2    | Killed Grunn
102413 | Zot:3    | Reached XP level 25. HP: 208/208 MP: 48/48
103016 | Zot:3    | Reached skill level 5 in Necromancy
103055 | Zot:3    | Found a transporter.
103057 | Zot:3    | Found a transporter.
103060 | Zot:3    | Found a transporter.
103064 | Zot:3    | Found a transporter.
105668 | Zot:5    | Entered Level 5 of the Realm of Zot
105670 | Zot:5    | Acquired 865 gold pieces
106600 | Zot:5    | Noticed an orb of fire
106605 | Zot:5    | Killed an orb of fire
106743 | Zot:5    | Noticed a Killer Klown
106754 | Zot:5    | Killed a Killer Klown
107074 | Zot:5    | Reached skill level 10 in Dodging
107137 | Zot:5    | Noticed an orb of fire
107141 | Zot:5    | Killed an orb of fire
107394 | Zot:5    | Noticed an orb of fire
107398 | Zot:5    | Killed an orb of fire
107438 | Zot:5    | Noticed an ancient lich
107443 | Zot:5    | Killed an ancient lich
107553 | Zot:5    | Noticed an ancient lich
107558 | Zot:5    | Killed an ancient lich
107769 | Zot:5    | Noticed a dread lich
107774 | Zot:5    | Killed a dread lich
109310 | Zot:5    | Noticed a dread lich
109316 | Zot:5    | Killed a dread lich
109440 | Zot:5    | Reached skill level 10 in Stealth
109449 | Zot:5    | Noticed a Killer Klown
109453 | Zot:5    | Killed a Killer Klown
109726 | Zot:5    | Reached XP level 26. HP: 224/224 MP: 35/49
110201 | Zot:5    | Got the Orb of Zot
110444 | D:14     | Noticed Xudunnui the pandemonium lord
110807 | D:$      | Escaped with the Orb!

Illustrated notes

.......#.....#>.#.....#
...........###......#.#
...........###...####.#
####....##......#.....#
.......†#########..#.###
#####..................#
....#+##.#.........#.#.#
...............#!..#.#.#
#....@.............#.#
..............##.#.###.#
..#....###.#.###.#......
....... #.# ....#.#####
§###...###.##### #...#
.............# #.###
:.....###...#.# #.#
).....+.....#.# #.#
###.###.# #.#


Turn 5969 on D:4: hello there

Levels and vault maps discovered:
D:1:      kb_arrival_jail, layout_loops_ring, shapermc_ecumenical_altar_pompeii
D:2:      layout_basic, uniq_robin
D:3:      layout_basic, ebering_dispersal_statue_hall, uniq_natasha
D:4:      layout_basic, minmay_temple_entry_mist, uniq_blork_the_orc
D:5:      layout_basic, gammafunk_temple_overflow_forgotten,
          grunt_gozag_statues, vehumet_crystals, ebering_ghost_disaster_area
D:6:      layout_cave_pods
D:7:      layout_basic, mainiacjoe_overflow_boulevard, uniq_maurice
D:8:      minmay_distorted_concentric_squares, layout_basic, tso_metal_star,
          serial_shops, nicolae_square_shop, nicolae_shop_back_alley_shop, shop
D:9:      layout_small_grid, uniq_erolcha
D:10:     kennysheep_six_static_rooms, layout_loops_corners,
          nicolae_ru_great_annihilating_truth, david_lair_generic, serial_shops,
          nicolae_shop_crystal, hangedman_abyss_or_decor_jellyfish_corner,
          grunt_ministairs_13
D:11:     kennysheep_town
D:12:     old_forge, layout_loops_ring, serial_shops, shop, elyvilon_altar_1
D:13:     layout_layer_cave, david_vaults_5
D:14:     layout_roguey, kennysheep_doodads
D:15:     gammafunk_depths_entry_grave, layout_rooms, serial_co_window_serial,
          co_window_corner_a, co_window_corner_a, co_window_of_opportunity_a,
          co_window_corner_a, co_window_paths_a, co_window_paths_c,
          co_window_cross_3, co_window_broadway_c, co_window_paths_c,
          co_window_unsneaky_path_d, co_window_4corner_b, serial_bayou_lagoon_a
Temple:   nicolae_temple_bog_church
Lair:1:   layout_big_grid, nicolae_volcano_entry_batcave,
          gauntlet_entry_generic, kennysheep_abandoned_house,
          infiniplex_staircase_pool_2, grunt_megastairs_5, serial_bayou_shore_a
Lair:2:   wad_woods_structure_01, layout_loops_ring, shoals_dummy_entry
Lair:3:   layout_big_grid, nicolae_snake_entry_warm_welcome, grunt_megastairs_2,
          lemuel_fruit_tree, uniq_amaemon
Lair:4:   gammafunk_boulding_lane, layout_misc_corridors, slime_entry_1,
          serial_bayou_ford_a, chequers_serial_rivers_micro_e
Lair:5:   wormcave, layout_gridlike, hangedman_lair_tendril_chambers,
          uniq_josephine
Shoals:1: layout_shoals, portal_ice_cave_entry_frozen_things
Shoals:2: layout_shoals
Shoals:3: cheibrodos_shoals_epimethial_gifts, layout_shoals,
          lemuel_altar_in_water, nicolae_shoals_isolated_beach, uniq_polyphemus
Shoals:4: shoals_end_hellmonk_lost_city
Snake:1:  layout_basic
Snake:2:  layout_misc_corridors, special_room, st_stairs_8,
          nicolae_snake_herptile_family_reunion, uniq_aizul, uniq_nikola
Snake:3:  layout_layer_cave
Snake:4:  grunt_snake_rune_spirals, layout_onion_interference,
          nicolae_snake_bzzzt, uniq_vashnia
Orc:1:    layout_caves
Orc:2:    grunt_orc_community_town_hall, layout_caves,
          grunt_orc_community_big_house_2, grunt_orc_community_big_house_1,
          grunt_orc_community_house_3, grunt_orc_community_house_3,
          grunt_orc_community_house_1, grunt_orc_community_house_1,
          ebering_ghost_rock_garden, regret_index_minedec_shroomtown_chain
Elf:1:    minmay_elf_arrival_plus, layout_onion_city,
          nicolae_elf_shapeshifter_party, uniq_zenata
Elf:2:    nicolae_elf_blades_crystal_corner, layout_gridlike, lemuel_elevator,
          uniq_norris
Elf:3:    grunt_elf_hall_diamonds, layout_geoelf_octagon, serial_shops,
          nicolae_shop_tiny_waterfront
Vaults:1: nicolae_vaults_closet_pinwheel_4,
          vaults_standard_mumra_enter_the_diamond, grunt_vaults_trifunnel,
          nicolae_vaults_trapezoid_4, ontoclasm_vaults_chip,
          vaults_room_semicircle, nicolae_vaults_security_offices_2,
          vaults_room_corners, layout_vaults_chaotic_city
Vaults:2: mu_enter_wizlab_3, ontoclasm_vaults_misaligned,
          hangedman_vaults_variations, nicolae_vaults_display_case,
          minmay_crypt_entry_simple_walls, nicolae_vaults_what_the_h,
          nicolae_vaults_prndl, v_misc_3, nicolae_vaults_shrinking_rooms_1,
          nicolae_vaults_spaceships, nicolae_vaults_more_shelving_1,
          layout_vaults_omnigrid, serial_shops,
          nicolae_shop_temple_entry_statues_fountains,
          nicolae_shop_industrial_runoff, nicolae_shop_peninsula,
          nicolae_shop_tiny_glass
Vaults:3: tekkud_shop_of_orbs, nicolae_vaults_specimen_jars,
          nicolae_vaults_surprise_closet, ontoclasm_vaults_eye,
          nicolae_vaults_double_plus_3, nicolae_vaults_trapezoid_4, v_misc_24,
          nicolae_vaults_little_squares_6, nicolae_vaults_network_periphery,
          nicolae_vaults_doubleplus_tesselated, hangedman_vaults_snaps,
          hangedman_vaults_slice, layout_vaults_omnibox, serial_shops,
          nicolae_shop_back_alley_shop, uniq_donald
Vaults:4: vaults_dpeg_encased_lava, hangedman_vaults_hard_town_square,
          ontoclasm_vaults_pinch, v_misc_19, nicolae_vaults_mini_display_case,
          nicolae_vaults_little_squares_2, hangedman_vaults_locks,
          nicolae_vaults_layer_cake_slice, vaults_dpeg_ring,
          dpeg_vaults_monster_box, layout_vaults_maze, serial_shops, shop,
          uniq_mara
Vaults:5
Depths:1: layout_gridlike, enter_ziggurat_e, abyss_entry_glasseish, hell_entry,
          minmay_splitting_lines, rand_demon_pan_entry_8, nicolae_custom_books,
          nicolae_rock_paper_scissors
Depths:2: minmay_the_grid_net [minmay_the_grid_expand, minmay_the_grid_dragon_a,
          minmay_the_grid_all_tris, minmay_the_grid_diamond_grid,
          minmay_the_grid_minigrid_large, minmay_the_grid_prize_trominoes],
          layout_honeycomb, pf_dread_powers_of_hell,
          pdpol_wu_jian_five_deadly_venoms, pan_entry, nicolae_shop_self_help,
          serial_bayou_shore_b
Depths:3: gammafunk_mikee_crab_dinner, layout_basic,
          chequers_serial_rivers_micro_c, pf_hell_entry_tar_river,
          abyss_entry_flame_altar, chequers_hall_statues_wall_a
Depths:4: grunt_zot_entry_tricorne, layout_honeycomb, hell_entry, minivault_1,
          st_stairs_1, nicolae_ashenzari_skybound
Zot:1:    layout_gridlike, hangedman_zot_diagonal_lockstep,
          regret_index_zotdec_wing_it, nicolae_zig_zag_zippers
Zot:2:    layout_cellular_growth, grunt_megastairs_3, uniq_grunn, uniq_parghit
Zot:3:    layout_cathedral_of_symmetry, nicolae_diode_quadrants
Zot:4:    layout_misc_corridors, nicolae_tricolors
Zot:5:    layout_gridlike

Skill      XL: |  1  2  3  4  5  6  7  8  9 10 11 12 13 14 15 16 17 18 19 20 21 22 23 24 25 26 |
---------------+-------------------------------------------------------------------------------+-----
Conjurations   | 1 2 3 4 5 6 9 10 11 12 | 12.3
Spellcasting   | 3 4 5 6 8 9 10 11 12 14 | 14.9
Air Magic      | 1 2 3 7 10 13 14 | 14.9
Evocations     | 1 2 3 4 5 6 7 8 9 10 11 | 11.4
Alchemy        | 3 4 5 6 7 |  7.3
Earth Magic    | 2 3 4 5 7 |  7.4
Fighting       | 1 2 3 4 5 6 7 8 9 10 11 12 14 | 14.5
Fire Magic     | 3 4 5 6 7 8 9 12 13 14 | 14.9
Throwing       | 1 2 4 5 6 |  6.0
Shields        | 2 3 5 6 7 9 10 | 10.4
Stealth        | 2 4 6 8 10 | 10.6
Armour         | 1 2 3 4 6 7 |  7.5
Dodging        | 2 3 4 5 6 8 9 10 11 | 11.0
Translocations | 7 12 14 | 14.9
Staves         | 7 10 12 | 12.0
Summonings     | 2 6 7 8 9 |  9.8
Necromancy     | 4 5 |  5.4

Action                     |  1- 3 |  4- 6 |  7- 9 | 10-12 | 13-15 | 16-18 | 19-21 | 22-24 | 25-27 || total
---------------------------+-------+-------+-------+-------+-------+-------+-------+-------+-------++-------
  Melee: Dagger            |     2 |       |     6 |       |       |       |       |       |       ||     8
         Staff             |       |       |    11 |    10 |    25 |     2 |    21 |    75 |     8 ||   152
  Throw: Stone             |     1 |     3 |     3 |     1 |       |       |       |       |       ||     8
         Dart              |       |       |       |       |     1 |     1 |     2 |     6 |       ||    10
         Throwing net      |       |       |       |       |       |     1 |     2 |       |       ||     3
   Cast: Sting             |    90 |   126 |   239 |    21 |       |       |       |       |       ||   476
         Mephitic Cloud    |       |     2 |     6 |     5 |     1 |       |       |       |       ||    14
         Stone Arrow       |       |       |     3 |    53 |   142 |     4 |    28 |    10 |       ||   240
         Mercury Vapours   |       |       |     2 |       |       |       |       |       |       ||     2
         Ignite Poison     |       |       |    20 |   114 |    83 |    20 |     5 |     8 |       ||   250
         Olgreb's Toxic Ra |       |       |    14 |   168 |   148 |    25 |     8 |    10 |       ||   373
         Irradiate         |       |       |       |    10 |    92 |    33 |    91 |    83 |    32 ||   341
         Fireball          |       |       |       |       |    60 |    22 |     2 |     7 |       ||    91
         Blink             |       |       |       |       |     1 |       |       |       |       ||     1
         Plasma Beam       |       |       |       |       |    73 |   479 |   521 |   670 |   216 ||  1959
         Lee's Rapid Decon |       |       |       |       |       |       |     9 |     3 |       ||    12
         Iskenderun's Myst |       |       |       |       |       |       |     1 |     4 |       ||     5
         Apportation       |       |       |       |       |       |       |       |     4 |     4 ||     8
         Maxwell's Capacit |       |       |       |       |       |       |       |    11 |    15 ||    26
 Invoke: Curse Item        |       |       |     3 |     5 |     5 |     3 |     2 |       |     1 ||    19
         Shatter the Chain |       |       |       |       |     4 |     2 |     2 |     1 |       ||     9
  Evoke: Wand              |     3 |     3 |    14 |     7 |     7 |    16 |    26 |    36 |     1 ||   113
         Lightning rod     |       |       |       |       |       |       |     7 |    12 |     7 ||    26
         Phantom mirror    |       |       |       |       |       |       |     1 |     1 |       ||     2
    Use: Scroll            |       |     8 |     2 |     7 |     8 |     4 |    16 |    16 |     6 ||    67
   Stab: Confused          |       |       |     3 |       |       |       |       |       |       ||     3
         Sleeping          |       |       |       |       |       |       |     1 |       |       ||     1
         Paralysed         |       |       |       |       |       |       |       |     6 |       ||     6
         Distracted        |       |       |       |       |       |       |       |     1 |       ||     1
 Armour: Robe              |    14 |    31 |    60 |    14 |    18 |       |       |       |       ||   137
         Steam dragon scal |       |       |    14 |    52 |   124 |   134 |    99 |       |       ||   423
         Troll leather arm |       |       |       |       |       |       |   145 |   331 |    65 ||   541
  Dodge: Dodged            |    18 |    29 |   102 |    72 |   174 |    44 |   152 |   145 |    42 ||   778
  Block: Buckler           |       |       |       |    22 |    62 |    28 |   109 |    96 |    34 ||   351

Table legend: (Time is in decaauts)
 A = Elapsed time spent in this place.
 B = Non-inter-level travel time spent in this place.
 C = Inter-level travel time spent in this place.
 D = Time resting spent in this place.
 E = Time spent auto-exploring this place.
 F = Levels seen in this place.
 G = Mean time per level.
                   A        B        C        D        E       F      G
               +--------+--------+--------+--------+--------+-----+--------+
         Total | 114266 | 107371 |   6895 |  29324 |  62317 |  53 | 2156.0 |
       Dungeon |  34139 |  31178 |   2961 |   8306 |  18846 |  15 | 2275.9 |
        Temple |     66 |     44 |     22 |      0 |     35 |   1 |   66.0 |
          Lair |  10764 |  10140 |    624 |    791 |   7887 |   5 | 2152.8 |
        Shoals |   8153 |   7954 |    199 |   2191 |   5086 |   4 | 2038.2 |
     Snake Pit |  10515 |  10138 |    377 |   3369 |   5739 |   4 | 2628.8 |
  Orcish Mines |   3898 |   3470 |    428 |    493 |   2571 |   2 | 1949.0 |
   Elven Halls |   8067 |   7815 |    252 |   1926 |   4962 |   3 | 2689.0 |
        Vaults |  11733 |  10960 |    773 |   2057 |   6370 |   5 | 2346.6 |
        Depths |   8786 |   8201 |    585 |   1476 |   5609 |   4 | 2196.5 |
           Zot |  13146 |  12474 |    672 |   5955 |   4516 |   5 | 2629.2 |
         Abyss |    452 |    452 |      0 |     88 |      0 |   1 |  452.0 |
      Ice Cave |   2013 |   2013 |      0 |   1285 |    414 |   1 | 2013.0 |
       Volcano |    715 |    715 |      0 |    400 |    121 |   1 |  715.0 |
        Wizlab |   1286 |   1286 |      0 |    740 |    156 |   1 | 1286.0 |
      Gauntlet |    528 |    528 |      0 |    247 |      0 |   1 |  528.0 |
               +--------+--------+--------+--------+--------+-----+--------+

Top non-repeatable levels by time:
    D:11: 4754 daAuts
   Zot:5: 4560 daAuts
 Snake:4: 3363 daAuts
   Elf:1: 3258 daAuts
     D:8: 3250 daAuts
   Orc:2: 3158 daAuts
     D:5: 3134 daAuts
Vaults:5: 3116 daAuts
   Elf:2: 2901 daAuts
  Lair:4: 2836 daAuts
Shoals:4: 2791 daAuts
  Lair:5: 2736 daAuts
   Zot:1: 2713 daAuts
Vaults:1: 2676 daAuts
Depths:4: 2646 daAuts
